 Dungeon Crawl Stone Soup version 0.30-a0-930-gb9d0489357 (webtiles) character file.

Game seed: 13212550789205693304

2197851 PaperRat the Infernalist (level 25, 218/218 HPs)
             Began as a Demigod Wanderer on Mar 23, 2023.
             Escaped with the Orb
             ... and 4 runes!
             The game lasted 04:51:13 (76027 turns).

PaperRat the Infernalist (Demigod Wanderer)        Turns: 76027, Time: 04:51:13

Health: 218/218    AC: 25    Str: 18    XL:     25   Next: 22%
Magic:  49/49      EV: 17    Int: 40    God:
Gold:   2387       SH: 13    Dex: 17    Spells: 3/56 levels left

rFire   + + +      SeeInvis +    w - +18 lance "Wyrmbane" {slay drac, rPois rF+ rC+ AC+3}
rCold   + . .      Faith    .    H - +3 buckler {AC+3}
rNeg    + . .      Spirit   .    h - +3 robe of the Iron Devil {rPois rF+ Will+ Regen+}
rPois   +          Reflect  .    f - +2 helmet {SInv}
rElec   .          Rampage  .    I - +2 cloak {rCorr}
rCorr   +          Archmagi +    X - +3 pair of gauntlets of War {Slay+5}
Will    +++..      Clarity  +    J - +2 pair of boots
Stlth   +                        t - amulet of Vitality {RegenMP++ Regen++}
HPRegen 2.96/turn                q - ring "Dilom" {rF+ rN+ Int+3, =R}
MPRegen 1.11/turn                p - ring of the Mage {Wiz Archmagi}

@: studying 2 skills
A: high MP 1, forlorn, divine attributes, large bone plates 1, clarity,
evolution 1
0: Orb of Zot
}: 4/15 runes: barnacled, slimy, silver, gossamer
a: no special abilities


You escaped.
You visited 12 branches of the dungeon, and saw 54 of its levels.
You also visited: Sewer and Volcano.

You collected 8093 gold pieces.
You spent 5706 gold pieces at shops.

Inventory:

Hand Weapons
 w - the +18 lance "Wyrmbane" (weapon) {slay drac, rPois rF+ rC+ AC+3}
   (You found it on level 6 of the Dungeon)

   AC:        It affects your AC (+3).
   rF:        It protects you from fire.
   rC:        It protects you from cold.
   rPois:     It protects you from poison.
 Q - the +9 hammer of Tiets {freeze, rC+ Will+ Int+3 Stlth-}
   (You found it on level 2 of the Dungeon)

   Int:       It affects your intelligence (+3).
   rC:        It protects you from cold.
   Will:      It increases your willpower.
   Stlth:     It makes you less stealthy.
 W - the +1 spear "Palar" {holy, Fly rElec rF+ Dex+2}
   (You found it on level 2 of the Lair of Beasts)

   Dex:       It affects your dexterity (+2).
   rF:        It protects you from fire.
   rElec:     It insulates you from electricity.
   Fly:       It grants you flight.
Missiles
 B - 5 throwing nets {!f}
 E - 9 curare-tipped darts (quivered)
Armour
 f - a +2 helmet of see invisible (worn)
 h - the +3 robe of the Iron Devil (worn) {rPois rF+ Will+ Regen+}
   (You took it off a vault sentinel on level 5 of the Vaults)

   rF:        It protects you from fire.
   rPois:     It protects you from poison.
   Regen:     It increases your rate of health regeneration.
   Will:      It increases your willpower.
 H - a +3 buckler of protection (worn)
 I - a +2 cloak of preservation (worn)
 J - a +2 pair of boots (worn)
 X - the +3 pair of gauntlets of War (worn) {Slay+5}
   (You bought it in a shop on level 1 of the Dungeon)

   Slay:      It affects your accuracy & damage with ranged weapons and melee
   (+5).
Magical Staves
 a - the staff of fire "Owerr" {rF+ Int+2}
   (You found it on level 2 of the Dungeon)

   [staff of fire]

   Base accuracy: +5 Base damage: 5 Base attack delay: 1.2 This weapon's minimum
   attack delay (0.6) is reached at skill level 12.
   Int:       It affects your intelligence (+2).
   rF:        It protects you from fire.
   It falls into the 'Staves' category.
   It is a one-handed weapon.
Jewellery
 p - the ring of the Mage (right hand) {Wiz Archmagi}
   (You found it on level 3 of the Elven Halls)

   [ring of wizardry]

   It improves your spell success rate.
   Archmagi:  It increases the power of your magical spells.
 q - the ring "Dilom" (left hand) {rF+ rN+ Int+3, =R}
   (You took it off a vault sentinel on level 5 of the Vaults)

   [ring of positive energy]

   Int:       It affects your intelligence (+3).
   rF:        It protects you from fire.
   rN:        It protects you from negative energy.
 t - the amulet of Vitality (around neck) {RegenMP++ Regen++}
   (You acquired it on level 1 of the Elven Halls)

   [amulet of magic regeneration]

   It increases your rate of magic regeneration.
   Regen:     It increases your rate of health regeneration.
 u - the ring of Guaffoicka {rPois rC+ Str+6 Slay+3}
   (You took it off a deep elf pyromancer on level 1 of the Elven Halls)

   [ring of strength]

   Str:       It affects your strength (+6).
   Slay:      It affects your accuracy & damage with ranged weapons and melee
   (+3).
   rC:        It protects you from cold.
   rPois:     It protects you from poison.
 v - the ring "Sud Fun" {rF+ AC+4}
   (You took it off a deep elf death mage on level 3 of the Elven Halls)

   [ring of protection]

   AC:        It affects your AC (+4).
   rF:        It protects you from fire.
Wands
 b - a wand of roots (12)
 c - a wand of light (16)
 d - a wand of digging (5)
 n - a wand of paralysis (22)
 z - a wand of mindburst (39)
Scrolls
 i - 31 scrolls of teleportation {@r3}
 j - 10 scrolls of poison
 l - 10 scrolls of blinking {@r5}
 m - 3 scrolls of butterflies
 D - 7 scrolls of vulnerability
 F - 12 scrolls of fear {@r4}
 M - 8 scrolls of fog {@r2}
 N - 5 scrolls of enchant armour
 U - 3 scrolls of magic mapping
 Z - 7 scrolls of immolation
Potions
 e - 3 potions of brilliance {@q5}
 g - 7 potions of cancellation
 o - 6 potions of resistance
 r - 3 potions of invisibility
 x - 7 potions of haste {@q4}
 A - 9 potions of magic
 C - 11 potions of might {@q3}
 G - 13 potions of ambrosia
 K - 5 potions of lignification
 P - 14 potions of mutation {@q6}
 R - 3 potions of heal wounds {@q2}
 S - 14 potions of curing {@q1}
Miscellaneous
 k - a phantom mirror
 s - a tin of tremorstones (2/2)
 y - a condenser vane
 O - a lightning rod (4/4)
 V - a box of beasts
 Y - a phial of floods


   Skills:
 + Level 16.6 Fighting
 - Level 1.0 Maces & Flails
 - Level 12.0 Polearms
 - Level 4.0 Armour
 - Level 10.0 Dodging
 - Level 2.0 Stealth
 - Level 5.0 Shields
 - Level 16.0 Spellcasting
 - Level 20.0 Conjurations
 - Level 6.0 Necromancy
 O Level 27 Fire Magic
 - Level 2.0 Air Magic
 - Level 6.0 Earth Magic
 - Level 8.0 Evocations


You had 3 spell levels left.
You knew the following spells:

 Your Spells              Type           Power      Damage    Failure   Level
a - Borgnjor's Vile Clut  Necr/Erth      44%        N/A       1%          5
b - Spellforged Servitor  Conj/Summ      53%        N/A       7%          7
c - Starburst             Conj/Fire      73%        6d19      0%          6
d - Iron Shot             Conj/Erth      58%        9d11      1%          6
f - Fire Storm            Conj/Fire      73%        8d18      3%          9
g - Passwall              Tmut/Erth      59%        N/A       1%          2
i - Iskenderun's Battles  Conj           100%       2d15      0%          5
s - Ignition              Fire           76%        3d20      1%          8
x - Fireball              Conj/Fire      73%        3d27      0%          5

Your spell library contained the following spells:

 Spells                   Type           Power      Damage    Failure   Level
 Foxfire                  Conj/Fire      100%       2x1d9     0%          1
 Kiss of Death            Conj/Necr      100%       2d13      0%          1
 Magic Dart               Conj           100%       1d8       0%          1
 Shock                    Conj/Air       100%       1d9       0%          1
 Static Discharge         Conj/Air       100%       2-7/arc   0%          2
 Inner Flame              Hex/Fire       100%       N/A       0%          3
 Stone Arrow              Conj/Erth      100%       3d13      0%          3
 Apportation              Tloc           96%        N/A       1%          1
 Beastly Appendage        Tmut           96%        N/A       1%          1
 Freeze                   Ice            100%       1d10      1%          1
 Slow                     Hex            100%       N/A       1%          1
 Sting                    Tmut/Pois      100%       1d8       1%          1
 Summon Small Mammal      Summ           100%       N/A       1%          1
 Call Imp                 Summ           48%        N/A       1%          2
 Cigotuvi's Dreadful Rot  Necr/Pois/Air  100%       N/A       1%          2
 Ensorcelled Hibernation  Hex/Ice        96%        N/A       1%          2
 Poisonous Vapours        Pois/Air       100%       N/A       1%          2
 Sublimation of Blood     Necr           88%        N/A       1%          2
 Wereblood                Tmut           48%        N/A       1%          2
 Call Canine Familiar     Summ           48%        N/A       1%          3
 Confusing Touch          Hex            48%        N/A       1%          3
 Frozen Ramparts          Ice            96%        1d15      1%          3
 Gell's Gravitas          Tloc           48%        N/A       1%          3
 Hailstorm                Conj/Ice       100%       3d20      1%          3
 Ignite Poison            Fire/Tmut/Pois 100%       N/A       1%          3
 Kindle Blastsparks       Fire/Tloc/Air  100%       2d18      1%          3
 Mephitic Cloud           Conj/Pois/Air  94%        N/A       1%          3
 Spider Form              Tmut/Pois      48%        N/A       1%          3
 Summon Guardian Golem    Hex/Summ       48%        N/A       1%          3
 Swiftness                Air            64%        N/A       1%          3
 Vampiric Draining        Necr           88%        2d12      1%          3
 Vhi's Electric Charge    Tloc/Air       100%       N/A       1%          3
 Flame Wave               Conj/Fire      100%       2d21      0%          4
 Sticky Flame             Conj/Fire      100%       2d11      0%          4
 Animate Armour           Summ/Erth      100%       N/A       1%          4
 Animate Dead             Necr           88%        N/A       1%          4
 Dispel Undead            Necr           88%        3d28      1%          4
 Petrify                  Tmut/Erth      71%        N/A       1%          4
 Arcjolt                  Conj/Air       55%        1d65      1%          5
 Freezing Cloud           Conj/Ice/Air   47%        6-21      1%          5
 Irradiate                Conj/Tmut      53%        3d29      1%          5
 Plasma Beam              Fire/Air       61%        2x1d84    1%          5
 Airstrike                Air            32%        2d(5-21)  2%          4
 Cause Fear               Hex            24%        N/A       4%          4
 Ice Form                 Ice/Tmut       48%        N/A       4%          4
 Olgreb's Toxic Radiance  Pois           48%        N/A       4%          4
 Summon Ice Beast         Ice/Summ       48%        N/A       4%          4
 Death Channel            Necr           44%        N/A       6%          6
 Silence                  Hex/Air        28%        N/A       9%          5
 Alistair's Intoxication  Tmut/Pois      32%        N/A       13%         5
 Summon Forest            Summ/Tloc      24%        N/A       13%         5
 Summon Mana Viper        Hex/Summ       48%        N/A       13%         5
 Simulacrum               Ice/Necr       35%        N/A       21%         6
 Eringya's Noxious Bog    Tmut/Pois      24%        N/A       56%         6
 Summon Cactus Giant      Summ           24%        N/A       56%         6
 Borgnjor's Revivificati  Necr           44%        N/A       92%         8
 Dragon Form              Tmut           24%        N/A       98%         7
 Monstrous Menagerie      Summ           24%        N/A       98%         7
 Ozocubu's Refrigeration  Ice            24%        4d12      98%         7
 Summon Hydra             Summ           24%        N/A       98%         7
 Maxwell's Capacitive Co  Air            32%        ∞         100%        8
 Necromutation            Tmut/Necr      35%        N/A       100%        8
 Death's Door             Necr           44%        N/A       100%        9
 Dragon's Call            Summ           24%        N/A       100%        9
 Polar Vortex             Ice            24%        N/A       100%        9


Dungeon Overview and Level Annotations

Branches:
Dungeon (15/15)            Temple (1/1) D:4            Lair (5/5) D:9
 Shoals (4/4) Lair:2       Spider (4/4) Lair:3        Slime (5/5) Lair:5
    Orc (2/2) D:9             Elf (3/3) Orc:2        Vaults (5/5) D:14
  Crypt (1/3) Vaults:3     Depths (4/4) D:15            Zot (5/5) Depths:4
  Sewer (visited)         Volcano (visited)

Shops:
D:1 [   D:2 *   Orc:2 :(!?=   Elf:1 =::   Elf:2 *   Elf:3 (   Vaults:1 !
Vaults:2 !   Vaults:3 (   Vaults:4 ***[:

Portals:
Hell: Depths:1 Depths:2 Depths:3 Depths:4
Abyss: Depths:1 Depths:3
Pandemonium: Depths:1 Depths:2 Depths:4
Ziggurat: Depths:2

Annotations:
Shoals:2 Rivvoal's ghost, adept GnFi
Elf:2 3 runed translucent doors


Innate Abilities, Weirdness & Mutations

You have an increased reservoir of magic. (+10% MP)
You shall have no god before yourself.
Your divine heritage dramatically boosts your attributes as you level up.
You are partially covered in large bone plates. (SH +4)
You possess an exceptional clarity of mind.
You have hidden genetic potential.


Message History

There is a stone staircase leading down here.
There is an open door here.
There is a stone staircase leading up here.
You climb upwards.
There is a stone staircase leading down here.
There is an open door here.
You see here a +0 short sword.
There is a stone staircase leading up here.
You climb upwards.
There is a stone staircase leading down here.
You open the door.
A great orb of eyes comes into view.
There is an open door here.
Casting: Iron Shot (mildly dangerous; 1% risk of failure)
Confirm with . or Enter, or press ? or * to list all spells.
Aiming: Borgnjor's Vile Clutch (mildly dangerous; 1% risk of failure)
Press: ? - help, Shift-Dir - straight line, f - great orb of eyes
Aim: a great orb of eyes (100% to hit)
You feel a surge of power!
Zombie hands grab the great orb of eyes.
The zombie hands constrict the great orb of eyes!
The great orb of eyes struggles to escape constriction.
Casting: Borgnjor's Vile Clutch (mildly dangerous; 1% risk of failure)
Confirm with . or Enter, or press ? or * to list all spells.
Aiming: Iron Shot (mildly dangerous; 1% risk of failure)
Press: ? - help, Shift-Dir - straight line, f/p - great orb of eyes
Aim: a great orb of eyes (lightly wounded, constricted by zombie hands, 100% to hit)
You feel a surge of power!
The iron shot hits the great orb of eyes!!!
The great orb of eyes is almost dead.
The zombie hands constrict the great orb of eyes!
You kill the great orb of eyes!
(D) Dungeon (T) Temple (L) Lair (A) Shoals (N) Spider Nest (M) Slime Pits (O) Orcish Mines (E) Elven Halls (V) Vaults (C) Crypt (U) Depths (H) Hell (Z) Zot
Where to? (Enter - D:1 @ (x,y), ? - help) Magic restored.
There is a staircase leading out of the dungeon here.
You have escaped!

#.....≈.≈.....#
####
###.........###
#...
#..#...#..#
#...
#.........#
#...
#.........#
#...
#..#...#..#
#...
#.........#
#...
#.........#
#...
#....@....#
####
###########


There were no monsters in sight!

Vanquished Creatures
  the Royal Jelly (Slime:5)
  2 orbs of fire
  3 dread liches
  2 ancient liches
  4 Killer Klowns (Zot:5)
  2 curse toes
  10 golden dragons
  4 electric golems
  28 Orb Guardians
  18 tentacled monstrosities
  An Ice Fiend (D:8)
  2 deep elf blademasters (Elf:3)
  8 quicksilver dragons
  4 titans
  5 deep elf master archers (Elf:3)
  2 liches
  19 acid blobs
  5 sphinxes
  Agnes (Elf:1)
  Frances (Shoals:1)
  10 death cobs
  Gastronok (Lair:1)
  22 storm dragons
  Donald (Shoals:1)
  14 shadow dragons
  Kirke (Spider:2)
  7 tengu reavers
  11 draconian monks
  7 azure jellies
  An azure jelly (shapeshifter) (Vaults:5)
  7 rockslimes
  5 deep elf sorcerers
  5 iron dragons
  5 fire giants (Depths:3)
  3 draconian knights
  2 draconian scorchers
  Aizul (Shoals:4)
  10 frost giants
  Louise (Shoals:1)
  18 vault wardens
  8 emperor scorpions
  2 balrugs
  A cacodemon (Depths:4)
  A draconian stormcaller (Zot:1)
  A ghost moth (Spider:4)
  4 deep elf elementalists (Elf:3)
  A curse skull (Vaults:3)
  A demonspawn blood saint (D:5)
  18 ironbound preservers
  4 draconian shifters
  4 draconian annihilators
  14 very ugly things
  5 orc warlords
  2 war gargoyles (Vaults:5)
  A broodmother (Spider:2)
  15 stone giants
  10 quicksilver oozes
  2 vampire knights
  A deep elf demonologist (Elf:3)
  19 dire elephants
  9 ironbound thunderhulks
  13 green draconians
  12 yellow draconians
  21 white draconians
  The ghost of caveywoolpert the Arsonist, a journeyman GrEE of Sif Muna (Lair:5)
  7 deep elf annihilators
  The ghost of Sermion the Carver, a journeyman DsBe of Trog (Vaults:1)
  12 black draconians
  The ghost of Aldia the Fighter, a journeyman GrEE of Vehumet (Lair:1)
  12 spark wasps
  11 red draconians
  A bunyip (shapeshifter) (Depths:2)
  9 purple draconians
  An eidolon (Vaults:3)
  2 blizzard demons (D:5)
  3 deep elf death magi (Elf:3)
  Josephine (Orc:1)
  6 merfolk javelineers
  11 ettins
  An ettin (shapeshifter) (Depths:4)
  11 great orbs of eyes
  8 entropy weavers
  15 fire dragons
  5 deep elf high priests
  46 vault guards
  6 hydras
  4 rakshasas
  9 ice dragons
  16 merfolk impalers
  10 yaktaur captains
  3 merfolk avatars
  2 ogre magi
  2 catoblepae (Lair:5)
  A peacekeeper (Vaults:3)
  2 merfolk aquamancers (Shoals:4)
  2 death knights (Vaults:3)
  14 centaur warriors
  12 ironbound frosthearts
  3 jorogumos
  An alligator snapping turtle (Shoals:1)
  3 radroaches
  6 spriggan air magi
  4 two-headed ogres
  2 deep troll shamans
  15 dancing weapons
  3 satyrs
  12 boulder beetles
  6 deep troll earth magi
  5 death yaks (Lair:5)
  11 tengu warriors
  A vampire mage (Depths:3)
  7 spriggan berserkers
  2 shock serpents (Vaults:2)
  Nergalle (Lair:2)
  7 deep elf knights
  7 sun demons
  6 hell knights
  2 sixfirhies (Depths:1)
  6 pharaoh ants
  A skyshark (shapeshifter) (Depths:2)
  3 skysharks
  3 iron trolls
  2 glowing orange brains
  14 sea snakes
  2 flayed ghosts (Depths:3)
  33 deep trolls
  11 phantasmal warriors
  16 orb spiders
  A sun moth (Spider:3)
  12 deep elf archers
  17 ironbound convokers
  4 lindwurms
  An obsidian statue (D:14)
  11 wizards
  A harpy (shapeshifter) (D:13)
  16 orc knights
  4 steelbarb worms
  Pikel (D:8)
  22 deep elf pyromancers
  14 harpies
  An oklob plant (Lair:1)
  18 deep elf zephyrmancers
  37 ugly things
  10 cyclopes
  19 wolf spiders
  A salamander (Depths:2)
  A shining eye (Slime:5)
  9 fauns
  An orc sorcerer (Vaults:2)
  8 manticores
  2 worldbinders (Vaults:2)
  36 moths of wrath
  17 vault sentinels
  Joseph (D:8)
  27 elephants
  9 demonic crawlers
  2 eyes of devastation (Slime:5)
  3 black mambas
  6 merfolk sirens
  3 orange demons (Depths:4)
  3 rust devils
  A smoke demon (D:10)
  A black mamba (shapeshifter) (Vaults:5)
  3 gargoyles
  11 water nymphs
  6 torpor snails
  11 cane toads
  2 efreet
  6 komodo dragons
  A kobold demonologist (D:11)
  37 yaktaurs
  2 hellions
  A freezing wraith (D:14)
  6 rime drakes
  A tormentor (D:11)
  3 ice devils
  A spectral merfolk (Shoals:2)
  4 tengu conjurers
  2 red devils
  A spectral harpy (Shoals:2)
  A queen bee (D:9)
  6 meliai (Spider:3)
  8 trolls
  20 merfolk
  Grinder (D:6)
  10 hornets
  7 hellwings
  31 tarantellas
  9 wind drakes (Shoals:4)
  6 polar bears
  A raiju (Vaults:2)
  A tarantella (shapeshifter) (Depths:2)
  18 blink frogs
  36 jumping spiders
  13 dream sheep
  10 snapping turtles
  6 shadows
  9 air elementals
  73 slime creatures
  2 vampires
  24 culicivoras
  3 wyverns
  19 spriggans
  4 basilisks
  2 ynoxinuls
  62 yaks
  5 wraiths
  2 hogs (Spider:2)
  35 water elementals
  5 fire elementals
  Eustachio (D:4)
  8 golden eyes
  A sea snake simulacrum (Shoals:2)
  13 vampire mosquitoes
  73 redbacks
  3 chaos spawn
  2 neqoxecs
  4 wargs
  A swamp worm (shapeshifter) (Vaults:5)
  17 water moccasins
  An acid dragon (D:11)
  2 hell hounds (Orc:2)
  52 orc warriors
  An ice beast (D:6)
  5 sky beasts
  8 black bears
  30 wolves
  6 ogres
  A tengu (shapeshifter) (D:15)
  14 centaurs
  11 boggarts
  A lemure (D:8)
  3 phantoms
  4 kobold brigands
  14 bullfrogs
  4 earth elementals
  A water nymph simulacrum (Shoals:2)
  5 scorpions
  3 gnoll sergeants
  A merfolk simulacrum (Shoals:2)
  43 killer bees
  A manticore simulacrum (Shoals:2)
  A snapping turtle simulacrum (Shoals:2)
  A howler monkey (D:9)
  3 electric eels
  A jelly (D:7)
  6 hounds
  13 orc priests
  A cyclops simulacrum (Shoals:2)
  A gnoll bouda (D:9)
  3 iguanas
  26 orc wizards
  4 lightning spires (Vaults:2)
  Robin (D:2)
  15 gnolls
  10 adders
  9 river rats (D:8)
  2 shadow imps
  3 white imps (Lair:5)
  3 worms
  4 dart slugs
  86 orcs
  6 ball pythons
  7 bats
  5 endoplasms
  10 giant cockroaches
  13 goblins
  11 hobgoblins
  32 kobolds
  7 quokkas
  11 frilled lizards
  22 rats
  A bush (Lair:1)
2365 creatures vanquished.

Vanquished Creatures (collateral kills)
  A dread lich (Zot:5)
  An orb of fire (Zot:5)
  2 tentacled monstrosities
  An Orb Guardian (Zot:5)
  A quicksilver dragon (Zot:2)
  An acid blob (Slime:4)
  A draconian knight (Zot:3)
  A draconian scorcher (Zot:3)
  2 quicksilver oozes (Slime:5)
  A green draconian (Zot:5)
  2 yellow draconians (Zot:3)
  A yak (Lair:5)
  3 golden eyes (Slime:3)
  A basilisk (Lair:4)
  6 foxfires
25 creatures vanquished.

Vanquished Creatures (others)
  3 Killer Klowns (Zot:5)
  A curse toe (Zot:5)
  A tentacled monstrosity (Zot:5)
  An Orb Guardian (Zot:5)
  A draconian shifter (Zot:5)
  A draconian annihilator (Zot:5)
  2 green draconians (Zot:5)
  A red draconian (Zot:5)
  A yellow draconian (Zot:5)
  A black draconian (Zot:5)
  An ogre mage (Vaults:2)
  A jorogumo (shapeshifter) (Vaults:5)
  A merfolk aquamancer (Shoals:4)
  A deep elf knight (Elf:1)
  A moth of wrath (Zot:5)
  2 humans (Spider:2)
  An orc (Orc:2)
  2 ball lightnings (Vaults:2)
  63 fire vortices
  1417 foxfires
  150 fungi
  238 plants
1891 creatures vanquished.

Grand Total: 4281 creatures vanquished

Notes
Turn   | Place    | Note
-------+----------+-------------------------------------------
     0 | D:1      | PaperRat the Demigod Wanderer began the quest for the Orb.
     0 | D:1      | PaperRat set off with the following items: a +0 mace, a
                  | potion of lignification, a +0 leather armour, a wand of
                  | polymorph (6); and the following spell memorised: Shock;
                  | and the following spells available to memorise: Hailstorm,
                  | Flame Wave.
     0 | D:1      | Reached XP level 1. HP: 17/17 MP: 4/4
   487 | D:1      | Reached XP level 2. HP: 20/24 MP: 0/5
   853 | D:1      | Found Kauz's Armour Emporium.
  1266 | D:2      | Noticed Robin
  1367 | D:2      | Reached skill level 1 in Air Magic
  1442 | D:2      | Reached XP level 3. HP: 29/29 MP: 3/6
  1910 | D:2      | Identified the +9 hammer of Tiets {freeze, rC+ Will+ Int+3
                  | Stlth-}
  1914 | D:2      | Found a runed translucent door.
  1985 | D:2      | Identified the staff of fire "Owerr" {rF+ Int+2}
  2106 | D:2      | Learned a level 1 spell: Foxfire
  2131 | D:2      | Noticed Terence
  2135 | D:2      | Terence changed into Terence the quokka
  2135 | D:2      | Noticed Terence
  2137 | D:2      | Killed Terence the quokka
  2410 | D:2      | Killed Robin
  2411 | D:2      | Reached XP level 4. HP: 35/37 MP: 0/8
  2560 | D:2      | Noticed Crazy Yiuf
  2663 | D:2      | Found Jaidd's Assorted Antiques.
  2721 | D:2      | Crazy Yiuf changed into Crazy Yiuf the bat
  2721 | D:2      | Noticed Crazy Yiuf
  2723 | D:2      | Killed Crazy Yiuf the bat
  2905 | D:3      | Found a glowing drain.
  2909 | Sewer    | Entered a sewer
  3328 | Sewer    | Reached XP level 5. HP: 45/45 MP: 7/9
  3382 | Sewer    | Reached skill level 1 in Fire Magic
  4463 | D:3      | Reached XP level 6. HP: 51/51 MP: 5/12
  4826 | D:1      | Bought a +0 pair of boots for 63 gold pieces
  4957 | D:2      | Bought a murky grey potion for 24 gold pieces
  4957 | D:2      | Bought a purple potion for 24 gold pieces
  5065 | D:4      | Reached skill level 2 in Fire Magic
  5421 | D:4      | Found a staircase to the Ecumenical Temple.
  5436 | Temple   | Entered the Ecumenical Temple
  5654 | D:4      | Noticed Eustachio
  5660 | D:4      | Killed Eustachio
  5661 | D:4      | Reached skill level 3 in Fire Magic
  5661 | D:4      | Reached XP level 7. HP: 57/57 MP: 6/14
  5829 | D:4      | Reached skill level 5 in Conjurations
  5890 | D:4      | Reached skill level 4 in Fire Magic
  6094 | D:5      | Entered Level 5 of the Dungeon
  6402 | D:5      | Reached skill level 1 in Dodging
  6583 | D:5      | Reached XP level 8. HP: 64/64 MP: 10/15
  6837 | D:5      | Learned a level 4 spell: Flame Wave
  7238 | D:6      | Reached skill level 5 in Fire Magic
  7480 | D:6      | Reached skill level 6 in Fire Magic
  7557 | D:6      | Noticed Maggie
  7558 | D:6      | Maggie changed into Maggie the wyvern
  7558 | D:6      | Noticed Maggie
  7566 | D:6      | Killed Maggie the wyvern
  7914 | D:6      | Noticed Grinder
  7925 | D:6      | Killed Grinder
  8280 | D:7      | Reached XP level 9. HP: 64/71 MP: 18/18
  8360 | D:7      | Learned a level 5 spell: Fireball
  8522 | D:7      | Reached skill level 7 in Fire Magic
  9380 | D:8      | Noticed Pikel
  9382 | D:8      | Killed Pikel
  9512 | D:8      | Noticed Joseph
  9521 | D:8      | Killed Joseph
  9522 | D:8      | Reached skill level 8 in Fire Magic
  9783 | D:8      | Noticed a two-headed ogre
  9791 | D:8      | Killed a two-headed ogre
  9989 | D:8      | Reached XP level 10. HP: 78/78 MP: 19/19
 10595 | D:9      | Found a staircase to the Orcish Mines.
 10737 | D:9      | Found a staircase to the Lair.
 10738 | D:9      | You fall into a shaft and drop 3 floors!
 10813 | D:10     | Entered Level 10 of the Dungeon
 11219 | D:9      | Identified the +11 dagger of Fate {spect, Contam rC+ Int+4
                  | SInv}
 11470 | D:9      | Reached skill level 5 in Fighting
 11472 | D:9      | Reached skill level 5 in Spellcasting
 11700 | D:9      | Reached skill level 10 in Conjurations
 11746 | Lair:1   | Entered Level 1 of the Lair of Beasts
 11746 | Lair:1   | Noticed Gastronok
 12137 | D:10     | Reached XP level 11. HP: 66/89 MP: 8/23
 13284 | Lair:1   | Killed Gastronok
 13612 | Lair:1   | Learned a level 5 spell: Iskenderun's Battlesphere
 13668 | Lair:1   | Reached skill level 1 in Armour
 14024 | Lair:1   | Noticed Aldia's ghost (journeyman GrEE)
 14025 | Lair:1   | Found a runed translucent door.
 14201 | Lair:1   | Found the +4 skin of Zhor {*Englaciate rC+++ SInv}
 14892 | Lair:1   | Reached XP level 12. HP: 101/101 MP: 13/25
 15225 | Lair:1   | Learned a level 6 spell: Starburst
 15567 | Lair:2   | Identified the +1 spear "Palar" {holy, Fly rElec rF+ Dex+2}
 15584 | Lair:2   | Noticed Nergalle
 15592 | Lair:2   | Killed Nergalle
 15729 | Lair:2   | Reached skill level 9 in Fire Magic
 15787 | Lair:2   | Noticed a six-headed hydra
 15790 | Lair:2   | Killed a six-headed hydra
 16253 | D:1      | Bought the +3 pair of gauntlets of War {Slay+5} for 665
                  | gold pieces
 16253 | D:1      | Found the +3 pair of gauntlets of War {Slay+5}
 16877 | Lair:2   | Found a staircase to the Shoals.
 17183 | Lair:3   | Identified the +10 dagger of Ijihetuf {drain, rN+}
 17195 | Lair:3   | Found a hole to the Spider Nest.
 18003 | Lair:4   | Noticed an eight-headed hydra
 18008 | Lair:4   | Killed an eight-headed hydra
 18009 | Lair:4   | Reached skill level 5 in Dodging
 18009 | Lair:4   | Reached skill level 5 in Evocations
 18314 | Lair:4   | Reached skill level 10 in Fire Magic
 18649 | Lair:4   | Reached XP level 13. HP: 110/110 MP: 2/27
 18871 | Lair:4   | Noticed a dire elephant
 18885 | Lair:4   | Killed a dire elephant
 19634 | Lair:4   | Learned a level 3 spell: Ignite Poison
 19635 | Lair:5   | Entered Level 5 of the Lair of Beasts
 19719 | Lair:5   | Reached skill level 1 in Polearms
 20045 | Lair:5   | Reached skill level 10 in Fighting
 20156 | Lair:5   | Reached skill level 1 in Shields
 20820 | Lair:5   | Found a transporter.
 20822 | Lair:5   | Noticed caveywoolpert's ghost (journeyman GrEE)
 20870 | Lair:5   | Found a transporter.
 21101 | Lair:5   | Reached XP level 14. HP: 118/121 MP: 12/30
 21295 | Lair:5   | Found a staircase to the Slime Pits.
 21932 | Lair:5   | Identified the +1 scale mail "Woshraej" {Contam rF+ SInv}
 22074 | Lair:5   | Killed caveywoolpert's ghost
 22288 | Lair:1   | Killed Aldia's ghost
 22289 | Lair:1   | Reached skill level 5 in Shields
 22383 | Orc:1    | Entered Level 1 of the Orcish Mines
 22415 | Orc:1    | Noticed Josephine
 22423 | Orc:1    | Killed Josephine
 22951 | Orc:1    | Noticed an orc warlord
 22968 | Orc:1    | Killed an orc warlord
 22970 | Orc:1    | Reached skill level 5 in Polearms
 23355 | Orc:1    | Noticed an orc warlord
 23362 | Orc:1    | Killed an orc warlord
 24180 | Orc:2    | Entered Level 2 of the Orcish Mines
 24187 | Orc:2    | Found a staircase to the Elven Halls.
 24215 | Orc:2    | Found a dark tunnel.
 24228 | Volcano  | Entered a volcano
 24898 | Orc:2    | Found Pecwaf's Book Boutique.
 25194 | Orc:2    | Noticed an orc warlord
 25202 | Orc:2    | Killed an orc warlord
 25984 | Orc:2    | Found Jigemua's Magic Scroll Shop.
 25984 | Orc:2    | Found Wetaza's Distillery.
 25986 | Orc:2    | Found Zasit's Weapon Shoppe.
 26049 | Orc:2    | Found Meniz's Jewellery Boutique.
 26055 | Orc:2    | Bought a potion of brilliance for 48 gold pieces
 26056 | Orc:2    | Bought a scroll of teleportation for 42 gold pieces
 26056 | Orc:2    | Bought a scroll of vulnerability for 56 gold pieces
 26065 | Orc:2    | Bought a potion of haste for 120 gold pieces
 26065 | Orc:2    | Bought a potion of lignification for 36 gold pieces
 26065 | Orc:2    | Bought a potion of haste for 120 gold pieces
 26065 | Orc:2    | Bought a potion of magic for 96 gold pieces
 26066 | Orc:2    | Bought a scroll of magic mapping for 105 gold pieces
 26066 | Orc:2    | Bought a scroll of magic mapping for 105 gold pieces
 26066 | Orc:2    | Bought a scroll of identify for 28 gold pieces
 26066 | Orc:2    | Bought a scroll of identify for 28 gold pieces
 26067 | Orc:2    | Bought a potion of flight for 36 gold pieces
 26069 | Orc:2    | Reached XP level 15. HP: 126/126 MP: 32/32
 26072 | Orc:2    | Identified a scroll of acquirement
 26073 | Orc:2    | Acquired the Folio of Causimancy
 26086 | Orc:2    | Learned a level 6 spell: Iron Shot
 28277 | D:12     | Acquired a +2 helmet of see invisible
 28984 | D:13     | Identified the +8 rapier "Itiucois" {drain, rF+++}
 29100 | D:13     | Reached XP level 16. HP: 136/136 MP: 22/33
 30785 | D:14     | Reached skill level 5 in Earth Magic
 30844 | D:14     | Found a gate to the Vaults.
 31351 | D:15     | Entered Level 15 of the Dungeon
 32410 | D:15     | Found a staircase to the Depths.
 32602 | D:15     | Identified the +2 leather armour of Grottiness {rPois rN++
                  | Str-5}
 32949 | Spider:1 | Entered Level 1 of the Spider Nest
 36059 | Spider:2 | Noticed Kirke
 36073 | Spider:2 | Killed Kirke
 36074 | Spider:2 | Reached skill level 10 in Spellcasting
 37160 | Spider:1 | Reached skill level 10 in Polearms
 38073 | Spider:3 | Reached XP level 17. HP: 146/146 MP: 3/36
 38350 | Spider:3 | Identified the +0 scale mail of Bedevilment {Will+}
 40206 | Spider:4 | Entered Level 4 of the Spider Nest
 40444 | Spider:4 | Identified the +6 trident of Compulsion {heavy, Dex+6}
 42753 | Spider:4 | Identified the +1 hat "Akleh" {rC+ rCorr Dex+3}
 42755 | Spider:4 | Identified the orb of Muumaeg {*Rage, Str+8}
 42764 | Spider:4 | Got a gossamer rune of Zot
 43092 | Shoals:1 | Entered Level 1 of the Shoals
 43298 | Shoals:1 | Noticed Louise
 43312 | Shoals:1 | Killed Louise
 43640 | Shoals:1 | Noticed Donald
 43649 | Shoals:1 | Reached skill level 11 in Fire Magic
 43650 | Shoals:1 | Killed Donald
 43886 | Shoals:1 | Noticed Frances
 43895 | Shoals:1 | Killed Frances
 45083 | Shoals:2 | Found a runed translucent gate.
 45083 | Shoals:2 | Found a runed translucent gate.
 45083 | Shoals:2 | Found a runed translucent gate.
 45090 | Shoals:2 | Noticed Rivvoal's ghost (adept GnFi)
 45797 | Shoals:2 | Learned a level 2 spell: Passwall
 46091 | Shoals:2 | Identified the ring of Bueniedearch {rPois Int+6 Dex+5}
 46509 | Shoals:3 | Reached XP level 18. HP: 108/158 MP: 3/38
 46933 | Shoals:4 | Entered Level 4 of the Shoals
 46940 | Shoals:4 | Paralysed by an air elemental for 1 turns
 47446 | Shoals:4 | Noticed Aizul
 47457 | Shoals:4 | Killed Aizul
 47607 | Shoals:4 | Identified the ring "Ifommil" {rN+ Int+2}
 47615 | Shoals:4 | Reached skill level 12 in Fire Magic
 48808 | Shoals:4 | Got a barnacled rune of Zot
 48810 | Shoals:4 | Got the Compendium of Transforming Diablerie
 50021 | D:2      | Bought a potion of haste for 270 gold pieces
 50021 | D:2      | Bought a scroll of teleportation for 81 gold pieces
 50021 | D:2      | Bought a scroll of blinking for 202 gold pieces
 50021 | D:2      | Bought a scroll of blinking for 202 gold pieces
 50247 | Elf:1    | Entered Level 1 of the Elven Halls
 50383 | Elf:1    | Noticed Agnes
 50388 | Elf:1    | Killed Agnes
 50556 | Elf:1    | Found Viyreac's Jewellery Shop.
 50556 | Elf:1    | Found Umuepuun's Book Emporium.
 50557 | Elf:1    | Found Muehos's Book Emporium.
 50760 | Elf:1    | Reached skill level 13 in Fire Magic
 51213 | Elf:1    | Identified the ring of Guaffoicka {rPois rC+ Str+6 Slay+3}
 51415 | Elf:1    | Acquired the amulet of Vitality {RegenMP++ Regen++}
 51415 | Elf:1    | Found the amulet of Vitality {RegenMP++ Regen++}
 51462 | Elf:1    | Got Nakekleucva's Secrets of Congregated Kinetic Energy
 51723 | Elf:1    | Learned a level 8 spell: Ignition
 52005 | Elf:2    | Found Parphuneg's General Store.
 52013 | Elf:2    | Bought a potion of haste for 120 gold pieces
 52013 | Elf:2    | Bought a potion of resistance for 120 gold pieces
 52013 | Elf:2    | Bought a potion of cancellation for 96 gold pieces
 52013 | Elf:2    | Bought a potion of curing for 36 gold pieces
 52218 | Elf:2    | Found a runed translucent gate.
 52219 | Elf:2    | Found a runed translucent gate.
 52219 | Elf:2    | Found a runed translucent gate.
 52350 | Elf:3    | Entered Level 3 of the Elven Halls
 52491 | Elf:3    | Found Leseckae's Firing Range.
 53104 | Elf:3    | Reached skill level 14 in Fire Magic
 53118 | Elf:3    | Reached XP level 19. HP: 115/167 MP: 21/42
 53213 | Elf:3    | Found the ring of the Mage {Wiz Archmagi}
 53399 | Elf:3    | Identified the +8 rapier of the Hated {flame, rCorr Int+4
                  | Dex-2}
 53411 | Elf:3    | Identified the ring "Sud Fun" {rF+ AC+4}
 53456 | Elf:3    | Identified the +9 sling of Tatiniva {freeze, rPois rN+++
                  | Int-2 Dex-2}
 53462 | Elf:3    | Got the Vademecum on Phantasms
 53466 | Elf:3    | Identified the ring of the Sunfish {rN+ MP-9 Str+6 Dex+3}
 53475 | Elf:3    | Got the Handbook of Contaminated Detritus
 53895 | Vaults:1 | Entered Level 1 of the Vaults
 53897 | Vaults:1 | Reached skill level 15 in Fire Magic
 54071 | Vaults:1 | Found Zaoxty's Distillery.
 54078 | Vaults:1 | Bought a potion of brilliance for 88 gold pieces
 54078 | Vaults:1 | Bought 3 potions of mutation for 528 gold pieces
 54078 | Vaults:1 | Bought a potion of invisibility for 176 gold pieces
 54078 | Vaults:1 | Bought a potion of might for 88 gold pieces
 54152 | Vaults:1 | Reached skill level 16 in Fire Magic
 54756 | Vaults:1 | Learned a level 5 spell: Borgnjor's Vile Clutch
 55000 | Vaults:1 | Found a large runed translucent door.
 55000 | Vaults:1 | Found a large runed translucent door.
 55001 | Vaults:1 | Noticed Sermion's ghost (journeyman DsBe)
 55099 | Vaults:1 | Killed Sermion's ghost
 55127 | Vaults:1 | Got the Atlas of Freezing and the Tempest
 55240 | Vaults:2 | Reached skill level 17 in Fire Magic
 55312 | Vaults:2 | Found Xozeomn's Distillery.
 55409 | Vaults:2 | Bought a potion of heal wounds for 100 gold pieces
 55612 | Vaults:2 | Reached skill level 18 in Fire Magic
 55669 | Vaults:2 | Reached XP level 20. HP: 174/174 MP: 22/43
 56152 | Vaults:2 | Got the Discursus on Electrocution
 56170 | Vaults:2 | Learned a level 5 spell: Plasma Beam
 56206 | Vaults:2 | Got Rienair's Annotations on the Throng
 56647 | Vaults:3 | Reached skill level 19 in Fire Magic
 56797 | Vaults:3 | Found Xiolanoi's Weapon Boutique.
 56805 | Vaults:3 | Bought a throwing net for 66 gold pieces
 57420 | Vaults:3 | Reached skill level 20 in Fire Magic
 57748 | Vaults:3 | Found a staircase to the Crypt.
 58309 | Vaults:4 | Found Dafucim's General Store.
 58317 | Vaults:4 | Bought 5 curare-tipped darts for 90 gold pieces
 58475 | Vaults:4 | Found the +11 plutonium sword {Contam Stlth-}
 58750 | Vaults:4 | Found Xucyrph's Armour Emporium.
 58758 | Vaults:4 | Found Weecifig's Book Boutique.
 58987 | Vaults:4 | Found Maiv's Assorted Antiques.
 58995 | Vaults:4 | Bought a scroll of immolation for 132 gold pieces
 58995 | Vaults:4 | Bought a scroll labelled USOIXE QUFAAN for 33 gold pieces
 58995 | Vaults:4 | Bought a shimmering dagger for 231 gold pieces
 58995 | Vaults:4 | Identified the +6 dagger "Duklymn" {flame, rPois Will-
                  | rCorr Int+4} (You bought it in a shop on level 4 of the
                  | Vaults)
 59000 | Vaults:4 | Found Risufoh's Assorted Antiques.
 59009 | Vaults:4 | Bought a potion of magic for 208 gold pieces
 59009 | Vaults:4 | Bought a potion of magic for 208 gold pieces
 59009 | Vaults:4 | Bought a scroll of enchant armour for 195 gold pieces
 59061 | Vaults:5 | Entered Level 5 of the Vaults
 59063 | Vaults:5 | Reached XP level 21. HP: 182/182 MP: 41/45
 59108 | Vaults:5 | Identified the +12 demon whip of Insomnia {freeze, rCorr}
 59139 | Vaults:5 | Reached skill level 15 in Conjurations
 59141 | Vaults:5 | Reached skill level 15 in Fighting
 59150 | Vaults:5 | Reached skill level 10 in Dodging
 59383 | Vaults:5 | Identified the +1 plate armour of Valour {Contam Regen+
                  | Dex+5}
 59458 | Vaults:5 | Identified the staff of conjuration "Avejeyt" {*Slow rPois
                  | rN+++ Str+4}
 59486 | Vaults:5 | Reached skill level 15 in Spellcasting
 59525 | Vaults:5 | Identified the +1 cloak of Fun {Stlth+}
 59537 | Vaults:5 | Noticed a dread lich
 59541 | Vaults:5 | Killed a dread lich
 59690 | Vaults:5 | Noticed an ancient lich
 59700 | Vaults:5 | Killed an ancient lich
 59740 | Vaults:5 | Got a silver rune of Zot
 59953 | Vaults:5 | Identified the +7 dire flail of the Eel {elec, rN+}
 59953 | Vaults:5 | Identified the +3 robe of the Iron Devil {rPois rF+ Will+
                  | Regen+}
 59953 | Vaults:5 | Identified the ring "Dilom" {rF+ rN+ Int+3}
 59956 | Vaults:5 | Identified the +11 great mace of Balimu Uquerch {heavy,
                  | Dex+5}
 60032 | Vaults:5 | Noticed a golden dragon
 60041 | Vaults:5 | Killed a golden dragon
 60266 | Vaults:5 | Noticed a dread lich
 60275 | Vaults:5 | Killed a dread lich
 60357 | Vaults:5 | Got the Anthology of the Evil Glacier
 60361 | Vaults:5 | Got the Directory of Topology
 60362 | Vaults:5 | Identified the staff of air "Yrutovva" {Fly rElec rF+}
 60367 | Vaults:5 | Identified the +0 plate armour of the Exiled Orbs {rPois
                  | rN+}
 60879 | Vaults:2 | Bought a potion of mutation for 160 gold pieces
 60879 | Vaults:2 | Bought a potion of invisibility for 160 gold pieces
 60879 | Vaults:2 | Bought a potion of haste for 200 gold pieces
 60879 | Vaults:2 | Bought a potion of cancellation for 160 gold pieces
 60879 | Vaults:2 | Bought a potion of cancellation for 160 gold pieces
 61028 | Depths:1 | Entered Level 1 of the Depths
 61136 | Depths:1 | Reached XP level 22. HP: 138/194 MP: 34/47
 61493 | Depths:1 | Found a gateway to Hell.
 61633 | Depths:1 | Identified the +1 helmet of Happy Babbling {Str+6}
 61637 | Depths:1 | Found a one-way gate to the infinite horrors of the Abyss.
 61754 | Depths:1 | Gained mutation: Armour fits poorly on your strangely
                  | shaped body. [a neqoxec]
 61799 | Depths:1 | Found a one-way gate leading to the halls of Pandemonium.
 62100 | Depths:2 | Found a one-way gateway to a ziggurat.
 62160 | Depths:2 | Reached skill level 1 in Necromancy
 63483 | Depths:3 | Reached skill level 21 in Fire Magic
 63484 | Depths:3 | Reached skill level 5 in Necromancy
 64371 | Depths:3 | Identified the ring of the Hurting King {Fire Str+2 Dex+4}
 64699 | Depths:4 | Entered Level 4 of the Depths
 65144 | Depths:4 | Identified the +0 hat of Jyoxkic {Fly Int+3 Dex+2}
 65263 | Depths:4 | Reached XP level 23. HP: 145/202 MP: 15/49
 66257 | Depths:4 | Reached skill level 22 in Fire Magic
 66843 | Depths:4 | Found a gate to the Realm of Zot.
 66915 | Depths:4 | Learned a level 9 spell: Fire Storm
 66918 | Zot:1    | Entered Level 1 of the Realm of Zot
 68604 | Zot:2    | Learned a level 7 spell: Spellforged Servitor
 69139 | Zot:3    | Noticed an orb of fire
 69143 | Zot:3    | Gained mutation: You occasionally lose the ability to read
                  | scrolls when taking damage. [an orb of fire]
 69146 | Zot:3    | Killed an orb of fire
 69149 | Zot:3    | Lost mutation: Armour fits poorly on your strangely shaped
                  | body. [potion of mutation]
 69149 | Zot:3    | Lost mutation: You occasionally lose the ability to read
                  | scrolls when taking damage. [potion of mutation]
 69149 | Zot:3    | Gained mutation: You are agile. (Dex +4, Str/Int -1)
                  | [potion of mutation]
 69149 | Zot:3    | Gained mutation: You are partially covered in large bone
                  | plates. (SH +4) [potion of mutation]
 69149 | Zot:3    | Lost mutation: You are agile. (Dex +4, Str/Int -1) [potion
                  | of mutation]
 69149 | Zot:3    | Gained mutation: You have hidden genetic potential. [potion
                  | of mutation]
 69161 | Zot:3    | Reached skill level 23 in Fire Magic
 70721 | Zot:4    | Reached XP level 24. HP: 210/210 MP: 17/49
 71769 | Zot:5    | Entered Level 5 of the Realm of Zot
 71822 | Zot:5    | Reached skill level 24 in Fire Magic
 71954 | Zot:5    | Noticed an orb of fire
 71954 | Zot:5    | Noticed a Killer Klown
 71954 | Zot:5    | Noticed a Killer Klown
 71954 | Zot:5    | Noticed a Killer Klown
 71954 | Zot:5    | Noticed a Killer Klown
 71964 | Zot:5    | Killed a Killer Klown
 71965 | Zot:5    | Killed a Killer Klown
 71965 | Zot:5    | Killed a Killer Klown
 72176 | Zot:5    | Noticed an ancient lich
 72189 | Zot:5    | Killed an ancient lich
 72365 | Zot:5    | Noticed a dread lich
 72367 | Zot:5    | Killed a dread lich
 72460 | Zot:5    | Noticed a Killer Klown
 72462 | Zot:5    | Killed a Killer Klown
 72466 | Zot:5    | Killed a Killer Klown
 72579 | Zot:5    | Reached skill level 25 in Fire Magic
 72598 | Zot:5    | Noticed a Killer Klown
 72600 | Zot:5    | Killed a Killer Klown
 72607 | Zot:5    | Noticed a Killer Klown
 72612 | Zot:5    | Killed a Killer Klown
 72635 | Zot:5    | Noticed a dread lich
 72638 | Zot:5    | Killed a dread lich
 72645 | Zot:5    | Identified the +1 rapier of Gozag's Displeasure {flame,
                  | *Rage Str+5}
 72672 | Zot:5    | Gained mutation: You possess an exceptional clarity of
                  | mind. [hidden potential]
 72719 | Zot:5    | Killed an orb of fire
 72731 | Zot:5    | Noticed an orb of fire
 72747 | Zot:5    | Killed an orb of fire
 72817 | Zot:5    | Identified the amulet "Xism" {Reflect Will- Str-4 Int+6
                  | Slay+5 SH+5}
 72827 | Zot:5    | Reached skill level 26 in Fire Magic
 73920 | Slime:1  | Entered Level 1 of the Pits of Slime
 74181 | Slime:5  | Entered Level 5 of the Pits of Slime
 74210 | Slime:5  | Reached XP level 25. HP: 187/216 MP: 0/49
 74372 | Slime:5  | Noticed the Royal Jelly
 74380 | Slime:5  | Killed the Royal Jelly
 74464 | Slime:5  | Identified the +9 shortbow of Jelakk {speed, rElec rCorr
                  | Str+3 Dex-4}
 74530 | Slime:5  | Identified the +4 mace of the Forsaken Lives {heavy, Contam
                  | Fly Dex+2}
 74545 | Slime:5  | Got a slimy rune of Zot
 74961 | Crypt:1  | Entered Level 1 of the Crypt
 74965 | Crypt:1  | Reached skill level 27 in Fire Magic
 75413 | Zot:5    | Got the Orb of Zot
 75754 | D:11     | Noticed Fooliytt the pandemonium lord
 76027 | D:$      | Escaped with the Orb!

Illustrated notes

Levels and vault maps discovered:
D:1:      shiori_arrival_oz, layout_basic, serial_shops, nicolae_shop_crystal,
          minmay_misc_feat_more_columns
D:2:      layout_basic, serial_shops, nicolae_shop_waterfront, basic_altar,
          minmay_tetromino_i2, uniq_terence, uniq_crazy_yiuf_cottage, uniq_robin
D:3:      layout_loops_corners, gup_sewer_entry_spiral, minmay_guardbox
D:4:      layout_basic, mainiacjoe_overflow_small_starburst,
          minmay_temple_entry_gardened_gates, uniq_eustachio
D:5:      layout_basic, grunt_dithmenos_shadows
D:6:      layout_loops_cross, nicolae_uskayaw_dance_studio, uniq_maggie,
          uniq_grinder
D:7:      layout_basic
D:8:      layout_basic, dk_rats_in_the_wall, uniq_pikel, uniq_joseph
D:9:      layout_roguey [special_room_bee], due_lair_maze_entry_diamond,
          serial_park_tiny_pond
D:10:     layout_layer_cave
D:11:     layout_loops_cross
D:12:     layout_long_grid, minmay_misc_feat_hallway
D:13:     layout_grid_maze, minmay_mirror_moons_of_madness
D:14:     layout_roguey, david_vaults_4, minmay_misc_feat_roman, minivault_16,
          st_stairs_6, cheibriados_altar_1
D:15:     grunt_enter_depths_hoard, layout_cave_pools, nicolae_eternal_life
Temple:   hellmonk_temple_of_storms
Lair:1:   layout_cave_pods, hellmonk_ghost_happy_afterlife,
          hellmonk_guarded_unrand_zhor, uniq_gastronok
Lair:2:   layout_loops_ring, minmay_shoals_entry_hut, infiniplex_staircase_pool,
          uniq_nergalle
Lair:3:   layout_big_grid, spider_nest_entry_webs
Lair:4:   mu_elephants_graveyard, layout_loops_ring,
          eino_small_chamber_without_monster, serial_bayou_pond_a
Lair:5:   minmay_lair_end_enchanted_forest, layout_misc_corridors,
          dpeg_slime_entry_enclosed, gammafunk_ghost_arena,
          nicolae_quartered_pool_medium, bobbens_ice_dragon_lair,
          serial_bayou_shore_a
Shoals:1: layout_shoals, nicolae_shoals_siren_and_animal_friends, uniq_frances,
          uniq_donald, uniq_louise
Shoals:2: layout_shoals, gammafunk_ghost_necromancy
Shoals:3: layout_shoals
Shoals:4: shoals_end_hellmonk_storm_palace [storm_palace_center_square,
          storm_palace_corner_narrow, storm_palace_corner_reverse_hut,
          storm_palace_corner_grid, storm_palace_corner_altar], serial_shops,
          uniq_aizul
Spider:1: layout_chambers
Spider:2: cheibrodos_forgotten_conduit, nicolae_spider_not_touching_you,
          uniq_kirke
Spider:3: layout_cave_pods, special_room, nicolae_spider_rock_and_or_roll
Spider:4: grunt_spider_rune_circles
Slime:1:  layout_caves, nicolae_slime_ancient_tower_intersection
Slime:2:  cheibrodos_slime_lost_civilization_2, layout_caves
Slime:3:  layout_caves
Slime:4:  layout_caves, nicolae_slime_welcoming_committee
Slime:5
Orc:1:    layout_caves, basic_altar, minmay_orc_treasury, uniq_josephine
Orc:2:    st_orc_rangers, layout_diamond_mine, enter_volcano_3, serial_shops,
          shop, minmay_orc_barracks
Elf:1:    nicolae_elf_arrival_fired_up, layout_geoelf_octagon,
          minmay_elf_sorcery, minmay_shop_grove, uniq_agnes
Elf:2:    nicolae_elf_blades_crystal_corner, layout_gridlike, serial_shops, shop
Elf:3:    minmay_elf_hall, layout_onion_city, basic_altar, nicolae_elf_w_pinch,
          dk_noncrumbling_4, nicolae_shop_firing_range
Vaults:1: ebering_ghost_disaster_area, ontoclasm_vaults_spin, vaults_mumra_hex,
          v_misc_14, hangedman_vaults_variations, v_misc_15,
          nicolae_vaults_bisected_slash, nicolae_vaults_back_hallway, v_misc_10,
          v_misc_18, hangedman_vaults_cutoff, nicolae_vaults_little_squares_6,
          nicolae_vaults_little_squares_6, ontoclasm_vaults_ring_small,
          layout_vaults_maze, serial_shops, shop
Vaults:2: v_rooms_6, v_pattern_1, nicolae_vaults_inception_scallops,
          ontoclasm_vaults_gateway, hangedman_vaults_restitches, v_rooms_3,
          v_misc_14, vaults_dpeg_diagonal, vaults_dpeg_emergency_exit,
          v_alt_pattern_6, vaults_room_guarded_vault,
          vaults_room_stairs_pillars, layout_vaults_ring, serial_shops,
          nicolae_diamond_shop, serial_hangedman_research,
          hangedman_research_electronics, hangedman_research_convocations
Vaults:3: v_misc_4, vaults_standard_mumra_enter_the_diamond,
          minmay_crypt_entry_simple_walls, hangedman_vaults_unwind, v_pattern_5,
          hangedman_vaults_corner_blocks, ontoclasm_vaults_loading_screen,
          nicolae_vaults_what_the_h, nicolae_vaults_meeting,
          ontoclasm_vaults_pinch, ontoclasm_vaults_eye,
          vaults_dpeg_encased_lava, vaults_room_semicircle,
          layout_vaults_omnicross, serial_shops,
          nicolae_shop_bloodbath_and_beyond
Vaults:4: v_misc_10, v_misc_12, v_misc_30, nicolae_vaults_rhombus_6,
          vaults_dpeg_ring, layout_vaults_quadrants, serial_shops, shop,
          nicolae_shop_statue_plus, nicolae_shop_statue_plus,
          nicolae_lakefront_shop, shop
Vaults:5
Crypt:1:  minmay_shadows, layout_chaotic_city, minivault_23, grunt_megastairs_1
Depths:1: layout_cave_pools, abyss_entry, grunt_metal_band,
          grunt_pan_entry_sceptre, dreamdust_looks_like_rain
Depths:2: minmay_isolated_rectangles_in_corner, layout_gridlike,
          enter_ziggurat_a, rand_demon_pan_entry_7, hell_entry,
          kennysheep_random_hallway
Depths:3: minmay_the_grid_square_5x5_3x3 [minmay_the_grid_square_5x5_three,
          minmay_the_grid_square_5x5_eight, minmay_the_grid_square_5x5_z,
          minmay_the_grid_square_5x5_detours,
          minmay_the_grid_square_5x5_megaprize_diamond,
          minmay_the_grid_square_5x5_inset, minmay_the_grid_square_5x5_shrine2,
          minmay_the_grid_square_5x5_eight_small,
          minmay_the_grid_square_5x5_seven], layout_long_grid,
          abyss_entry_flame_altar, pf_coc_iceberg, uniq_margery
Depths:4: lemuel_castle_with_subvaults [lemuel_castle_interior_carwin_3],
          layout_cave_pools, hell_entry, dk_noncrumbling_3,
          grunt_pan_entry_zigzag, uniq_josephina
Zot:1:    layout_gridlike
Zot:2:    layout_gridlike
Zot:3:    layout_cellular_growth, grunt_megastairs_2
Zot:4:    layout_concentric_octagons
Zot:5:    layout_misc_corridors

Skill      XL: |  1  2  3  4  5  6  7  8  9 10 11 12 13 14 15 16 17 18 19 20 21 22 23 24 25 |
---------------+----------------------------------------------------------------------------+-----
Stealth        | 2 |  2.0
Fighting       | 2 3 4 6 8 10 12 13 14 15 16 | 16.6
Conjurations   | 3 4 5 6 9 10 11 12 13 14 15 17 19 20 | 20.0
Air Magic      | 1 2 |  2.0
Fire Magic     | 1 3 4 6 8 10 11 14 18 20 21 23 26 27 | 27.0
Spellcasting   | 2 3 4 5 6 7 8 10 11 13 14 15 16 | 16.0
Dodging        | 1 2 3 5 7 8 9 10 | 10.0
Evocations     | 4 5 6 8 |  8.0
Armour         | 2 4 |  4.0
Polearms       | 3 6 7 10 12 | 12.0
Shields        | 4 5 |  5.0
Earth Magic    | 4 6 |  6.0
Necromancy     | 6 |  6.0
Maces & Flails | |  1.0

Action                     |  1- 3 |  4- 6 |  7- 9 | 10-12 | 13-15 | 16-18 | 19-21 | 22-24 | 25-27 || total
---------------------------+-------+-------+-------+-------+-------+-------+-------+-------+-------++-------
  Melee: Mace              |    14 |    17 |     5 |       |       |       |     3 |       |       ||    39
         Whip              |    22 |       |       |       |       |       |       |       |       ||    22
         Staff             |       |     1 |     2 |       |     8 |     5 |    15 |       |       ||    31
         Lance             |       |       |     9 |    21 |   187 |   417 |    76 |   269 |    59 ||  1038
         Spear             |       |       |       |       |       |    26 |     6 |    50 |       ||    82
  Throw: Stone             |     2 |       |       |       |       |       |       |       |       ||     2
         Dart              |       |       |    13 |     9 |     7 |    42 |       |     1 |     2 ||    74
   Cast: Shock             |    65 |    29 |     7 |     8 |       |       |       |       |       ||   109
         Foxfire           |    11 |    94 |   167 |   140 |   194 |   222 |       |       |       ||   828
         Flame Wave        |       |       |    11 |    55 |    36 |    36 |       |       |       ||   138
         Fireball          |       |       |     7 |    53 |   123 |   391 |   126 |    72 |       ||   772
         Iskenderun's Batt |       |       |       |    18 |    46 |    67 |     3 |       |       ||   134
         Starburst         |       |       |       |     9 |    48 |   109 |    13 |     3 |       ||   182
         Iron Shot         |       |       |       |       |     3 |    59 |   146 |   302 |    41 ||   551
         Ignite Poison     |       |       |       |       |       |     1 |       |       |       ||     1
         Ignition          |       |       |       |       |       |       |   118 |   138 |     9 ||   265
         Plasma Beam       |       |       |       |       |       |       |    72 |    21 |       ||    93
         Borgnjor's Vile C |       |       |       |       |       |       |    10 |   160 |    11 ||   181
         Spellforged Servi |       |       |       |       |       |       |       |     8 |     1 ||     9
         Fire Storm        |       |       |       |       |       |       |       |    59 |     6 ||    65
         Passwall          |       |       |       |       |       |       |       |       |     1 ||     1
  Evoke: Wand              |     3 |     1 |     1 |    17 |     3 |    40 |    10 |     5 |       ||    80
         Box of beasts     |       |       |       |       |     2 |     1 |       |       |       ||     3
         Tin of tremorston |       |       |       |       |       |     6 |     4 |     2 |       ||    12
         Condenser vane    |       |       |       |       |       |     3 |     1 |     1 |       ||     5
         Phial of floods   |       |       |       |       |       |     1 |     1 |       |       ||     2
    Use: Scroll            |     4 |     4 |     6 |    11 |    15 |    11 |     5 |     9 |       ||    65
         Potion            |       |     1 |       |     5 |     6 |     4 |    15 |    14 |     2 ||    47
   Stab: Petrified         |       |       |       |       |     3 |       |       |       |       ||     3
         Invisible         |       |       |       |       |       |     2 |     1 |     1 |       ||     4
         Held in net/web   |       |       |       |       |       |     1 |       |       |       ||     1
         Distracted        |       |       |       |       |       |     1 |       |     4 |       ||     5
 Armour: Leather armour    |     6 |    24 |    31 |    39 |       |       |       |       |       ||   100
         Animal skin       |       |       |       |     9 |   113 |   208 |    65 |       |       ||   395
         Robe              |       |       |       |       |       |       |    19 |   119 |    24 ||   162
  Dodge: Dodged            |    25 |    24 |    38 |    87 |   179 |   285 |   105 |   230 |    27 ||  1000
  Block: Buckler           |       |       |       |       |    52 |   262 |    81 |   117 |    18 ||   530
         Reflection        |       |       |       |       |       |    24 |       |       |       ||    24

Table legend: (Time is in decaauts)
 A = Elapsed time spent in this place.
 B = Non-inter-level travel time spent in this place.
 C = Inter-level travel time spent in this place.
 D = Time resting spent in this place.
 E = Time spent auto-exploring this place.
 F = Levels seen in this place.
 G = Mean time per level.
                   A        B        C        D        E       F      G
               +--------+--------+--------+--------+--------+-----+--------+
         Total |  75910 |  68266 |   7644 |  16613 |  37131 |  56 | 1355.5 |
       Dungeon |  21958 |  18340 |   3618 |   4165 |   9503 |  15 | 1463.9 |
        Temple |      1 |      1 |      0 |      0 |      0 |   1 |    1.0 |
          Lair |   9191 |   8501 |    690 |   2751 |   4286 |   5 | 1838.2 |
        Shoals |   6720 |   6502 |    218 |   2754 |   2747 |   4 | 1680.0 |
   Spider Nest |   9885 |   9486 |    399 |   3653 |   4387 |   4 | 2471.2 |
    Slime Pits |    685 |    625 |     60 |    185 |      0 |   5 |  137.0 |
  Orcish Mines |   3206 |   3105 |    101 |    542 |   1845 |   2 | 1603.0 |
   Elven Halls |   3714 |   3085 |    629 |    448 |   1997 |   3 | 1238.0 |
        Vaults |   7156 |   6594 |    562 |    681 |   4640 |   5 | 1431.2 |
         Crypt |      5 |      5 |      0 |      0 |      0 |   1 |    5.0 |
        Depths |   5273 |   4473 |    800 |    492 |   2847 |   4 | 1318.2 |
           Zot |   6854 |   6290 |    564 |    542 |   4346 |   5 | 1370.8 |
         Sewer |    831 |    831 |      0 |    275 |    337 |   1 |  831.0 |
       Volcano |    425 |    425 |      0 |    123 |    193 |   1 |  425.0 |
               +--------+--------+--------+--------+--------+-----+--------+

Top non-repeatable levels by time:
Spider:1: 3617 daAuts
Spider:4: 2726 daAuts
Shoals:4: 2664 daAuts
  Lair:5: 2502 daAuts
Spider:3: 2451 daAuts
  Lair:1: 2093 daAuts
    D:14: 1911 daAuts
     D:2: 1892 daAuts
   Orc:1: 1815 daAuts
   Zot:5: 1763 daAuts
Shoals:1: 1691 daAuts
    D:13: 1691 daAuts
  Lair:4: 1688 daAuts
   Elf:1: 1687 daAuts
    D:10: 1657 daAuts
